Ducks vs Oilers

Created - March 18, 2016 at 20:53

Goals
1 2 3 T
Ducks 0 1 1 2
Oilers 0 2 2 4
Shots
1 2 3 T
Ducks 7 15 7 29
Oilers 4 5 8 17

1st period

No Goal

Penalties :
Thomas Hickey (EDM) for Holding (Minor) at 6:56

2nd period

1. Oilers , Marc-Edouard Vlasic 15 (Michael Grabner) at 13:05
2. Ducks , Boone Jenner 31 (Wayne Simmonds, John Klingberg) at 14:55
3. Oilers , Gabriel Landeskog 32 (Tyler Bozak, Matt Read) at 18:33

Penalties :
Jay Bouwmeester (ANA) for Roughing (Minor) at 0:12, Roman Polak (ANA) for Hooking (Minor) at 8:47, Tomas Fleischmann (EDM) for Roughing (Minor) at 10:55, Marco Scandella (EDM) for Hooking (Minor) at 14:42, Brandon Dubinsky (ANA) for Charging (Minor) at 14:45

3rd period

4. Oilers , Gabriel Landeskog 33 (Thomas Hickey, Brian Campbell) at 9:02
5. Oilers , Gabriel Landeskog 34 (Marco Scandella, Marc-Edouard Vlasic) at 10:40
6. Ducks , Yannick Weber 8 (Jay Bouwmeester, Paul Gaustad) at 17:32

Penalties :
No Penalty

Goalie Stats

Kari Lehtonen (ANA), 13 saves from 17 shots - (0.765), L, 28-28-9, 60:00 minutes
Martin Jones (EDM), 27 saves from 29 shots - (0.931), W, 11-8-0, 60:00 minutes

Players Stats for Ducks

Player Name              G  A  P  +/- PIM S  H  SB GA TA FO     MP     PP MP  PK MP  
------------------------------------------------------------------------------------
Aaron Ekblad             0  0  0  -1  0   3  2  1  0  0  0/0    21:38   2:32   2:03 
Alec Martinez            0  0  0  -1  0   0  2  0  0  0  0/0    18:18   2:32   0:00 
Alex Tanguay             0  0  0  -1  0   1  0  1  0  0  0/1    16:21   1:26   0:00 
Boone Jenner             1  0  1   0  0   6  1  0  0  0  1/6    17:32   2:35   0:00 
Brandon Dubinsky         0  0  0  -1  2   1  1  0  0  0  8/17   17:29   2:34   0:00 
Evander Kane             0  0  0  -2  0   1  3  0  0  0  0/2    14:38   0:00   0:00 
Jarome Iginla            0  0  0  -1  0   4  0  0  0  0  0/1    17:30   2:35   0:00 
Jay Bouwmeester          0  1  1  -1  2   2  0  1  0  0  0/0    18:05   0:00   1:03 
John Klingberg           0  1  1   0  0   1  0  0  0  0  0/0    22:34   1:29   1:56 
Jordan Staal             0  0  0  -2  0   2  2  0  0  0  7/13   17:15   1:26   0:00 
Mark Scheifele           0  0  0  -1  0   2  0  0  0  0  8/14   15:31   0:00   1:19 
Matt Beleskey            0  0  0  -2  0   3  0  0  0  0  0/1    14:38   0:00   0:00 
Matt Hendricks           0  0  0   1  0   0  0  1  0  0  0/0     7:36   0:00   1:19 
Paul Gaustad             0  1  1   1  0   0  0  0  0  0  5/9     8:59   0:00   2:42 
Roman Polak              0  0  0  -1  2   0  1  2  0  0  0/0    16:47   0:00   1:02 
Wayne Simmonds           0  1  1   0  0   2  2  0  0  0  0/2    17:34   1:26   0:00 
Willie Mitchell          0  0  0   0  0   0  0  0  0  0  0/0    21:07   0:00   1:58 
Yannick Weber            1  0  1   1  0   1  0  0  0  0  0/0    10:28   1:29   2:42 

Players Stats for Oilers

Player Name              G  A  P  +/- PIM S  H  SB GA TA FO     MP     PP MP  PK MP  
------------------------------------------------------------------------------------
Aleksander Barkov        0  0  0   0  0   1  0  0  0  0  12/16  20:25   2:07   1:39 
Bo Horvat                0  0  0   0  0   1  0  0  0  0  5/5     3:39   0:00   0:00 
Brian Campbell           0  1  1   0  0   0  1  0  0  0  0/0    22:24   2:04   2:11 
Dominic Moore            0  0  0   0  0   0  1  0  0  0  0/1    18:25   2:07   0:00 
Gabriel Landeskog        3  0  3   1  0   3  2  0  0  0  4/12   23:51   1:54   2:22 
Jay Beagle               0  0  0   1  0   1  0  0  0  0  4/10   14:26   0:00   0:00 
Jeff Schultz             0  0  0   0  0   0  1  3  0  0  0/0    14:35   0:00   0:29 
Justin Williams          0  0  0   0  0   0  1  0  0  0  1/2    18:25   2:07   0:00 
Marc-Edouard Vlasic      1  1  2   2  0   1  3  1  0  0  0/0    24:05   1:57   2:25 
Marco Scandella          0  1  1   2  2   0  1  2  0  0  0/0    22:33   1:57   1:50 
Mathew Dumba             0  0  0   0  0   1  1  0  0  0  0/0    15:31   0:00   0:00 
Matt Read                0  1  1   2  0   1  1  0  0  0  0/1    19:33   1:54   1:39 
Matthew Nieto            0  0  0   0  0   0  0  0  0  0  0/0     1:18   0:00   0:00 
Michael Grabner          0  1  1   1  0   5  4  0  0  0  0/1    14:26   0:00   0:00 
Scottie Upshall          0  0  0   0  0   0  0  0  0  0  0/0     3:39   0:00   0:00 
Thomas Hickey            0  1  1   0  2   0  5  0  0  0  0/0    20:50   2:04   1:07 
Tomas Fleischmann        0  0  0   1  2   1  1  0  0  0  0/2    14:25   0:00   0:00 
Tyler Bozak              0  1  1   1  0   2  0  0  0  0  11/16  21:30   1:54   2:22 

3 Stars

1 - Gabriel Landeskog (EDM)
2 - Marc-Edouard Vlasic (EDM)
3 - Michael Grabner (EDM)

Power Play

Ducks - 0 on 3 Attempt(s) - 0.00%
Oilers - 0 on 3 Attempt(s) - 0.00%

Penalty Kill

Ducks - 3 on 3 Attempt(s) - 100.00% - Score 0 goal in Penalty Kill
Oilers - 3 on 3 Attempt(s) - 100.00% - Score 0 goal in Penalty Kill

Team Stat

Ducks - Hits : 14 - Faceoff Wins : 29 - Blocked Shots : 6 - Penalty Minutes : 6
Oilers - Hits : 22 - Faceoff Wins : 37 - Blocked Shots : 6 - Penalty Minutes : 6

Official

Referees : Dan O'Halloran and Paul Devorski
Linesman : Tim Nowak and Brad Lazarowich

Game Notes

Gabriel Landeskog has scored a Hat Trick!

Finance

Level 1 -- Attendance: 6500 (100.00%) -- Ticket Income $604,500
Level 2 -- Attendance: 4546 (90.92%) -- Ticket Income $340,950
Level 3 -- Attendance: 2598 (74.23%) -- Ticket Income $168,870
Level 4 -- Attendance: 839 (100.00%) -- Ticket Income $52,857
Luxury Box -- Attendance: 910 (91.00%) -- Ticket Income $182,000
Game was played at the Rexall Place.
Total Attendance: 15393 (91.41%)
Total Ticket Income: $1,349,177
Other Income: $202,377
Total Income: $1,551,554

% Time on Ice - Ducks

Lines # - Real PCT - Wanted PCT - Time Play
Normal Forward
1 - 30% - 31% - 14:55
2 - 28% - 31% - 14:12
3 - 29% - 31% - 14:38
4 - 13% - 7% - 6:17
Normal Defense
1 - 37% - 36% - 18:24
2 - 32% - 33% - 15:52
3 - 32% - 31% - 15:46
4 - 0% - 0% - 0:00
PP Forward
1 - 64% - 58% - 2:35
2 - 36% - 42% - 1:26
PP Defense
1 - 37% - 59% - 1:29
2 - 63% - 41% - 2:32
PK Forward
1 - 67% - 58% - 2:42
2 - 33% - 42% - 1:19
PK Defense
1 - 49% - 59% - 1:58
2 - 51% - 41% - 2:03
PK3 Forward
1 - 0% - 52%
2 - 0% - 48%
PK3 Defense
1 - 0% - 59%
2 - 0% - 41%
44 Forward
1 - 100% - 56% - 1:56
2 - 0% - 44% - 0:00
44 Defense
1 - 39% - 52% - 0:45
2 - 61% - 48% - 1:11
Last Minute Offensive  - 0:00
Last Minute Defensive  - 0:00
Total
Forward - 60:00
Defense - 60:00

% Time on Ice - Oilers

Lines # - Real PCT - Wanted PCT - Time Play
Normal Forward
1 - 31% - 40% - 15:39
2 - 33% - 30% - 16:18
3 - 29% - 20% - 14:26
4 - 7% - 10% - 3:39
Normal Defense
1 - 36% - 40% - 18:03
2 - 34% - 30% - 17:09
3 - 28% - 20% - 14:06
4 - 1% - 10% - 0:44
PP Forward
1 - 47% - 60% - 1:54
2 - 53% - 40% - 2:07
PP Defense
1 - 49% - 60% - 1:57
2 - 51% - 40% - 2:04
PK Forward
1 - 59% - 60% - 2:22
2 - 41% - 40% - 1:39
PK Defense
1 - 46% - 60% - 1:50
2 - 54% - 40% - 2:11
PK3 Forward
1 - 0% - 60%
2 - 0% - 40%
PK3 Defense
1 - 0% - 60%
2 - 0% - 40%
44 Forward
1 - 82% - 60% - 1:35
2 - 18% - 40% - 0:21
44 Defense
1 - 48% - 60% - 0:56
2 - 52% - 40% - 1:00
Last Minute Offensive  - 0:00
Last Minute Defensive  - 0:00
Total
Forward - 60:00
Defense - 60:00

Play by Play

1st period


0:01 of 1st period - Tyler Bozak wins face-off versus Brandon Dubinsky in neutral zone.
0:15 of 1st period - John Klingberg is hit by Marc-Edouard Vlasic and loses puck.
0:56 of 1st period - Shot by Justin Williams.
0:56 of 1st period - Shot Misses the Net.
1:56 of 1st period - Shot by Michael Grabner.
1:56 of 1st period - Stopped by Kari Lehtonen without a rebound.
1:57 of 1st period - Bo Horvat wins face-off versus Wayne Simmonds in Ducks zone.
2:32 of 1st period - Shot by Mark Scheifele.
2:32 of 1st period - Deflect By Boone Jenner.
2:32 of 1st period - Shot Misses the Net.
2:54 of 1st period - Shot by Jordan Staal.
2:54 of 1st period - Stopped by Martin Jones without a rebound.
2:55 of 1st period - Aleksander Barkov wins face-off versus Jordan Staal in Oilers zone.
3:19 of 1st period - Icing by Brian Campbell.
3:20 of 1st period - Paul Gaustad wins face-off versus Justin Williams in Oilers zone.
3:22 of 1st period - Yannick Weber is hit by Thomas Hickey and loses puck.
4:17 of 1st period - Marco Scandella is hit by Aaron Ekblad and loses puck.
5:22 of 1st period - Shot by Jay Beagle.
5:22 of 1st period - Shot Misses the Net.
5:24 of 1st period - Shot by Jay Beagle.
5:24 of 1st period - Stopped by Kari Lehtonen without a rebound.
5:25 of 1st period - Aleksander Barkov wins face-off versus Brandon Dubinsky in Ducks zone.
5:25 of 1st period - Aleksander Barkov is hit by Alec Martinez.
5:36 of 1st period - Off-side.
5:37 of 1st period - Paul Gaustad wins face-off versus Tomas Fleischmann in neutral zone.
6:38 of 1st period - Wayne Simmonds is hit by Thomas Hickey and loses puck.
6:42 of 1st period - Mark Scheifele is hit by Brian Campbell and loses puck.
6:56 of 1st period - Minor Penalty to Thomas Hickey for Holding.
6:57 of 1st period - Brandon Dubinsky wins face-off versus Gabriel Landeskog in Oilers zone.
7:16 of 1st period - Shot by Jarome Iginla.
7:16 of 1st period - Shot Blocked by Marc-Edouard Vlasic.
7:27 of 1st period - Shot by Brandon Dubinsky.
7:27 of 1st period - Stopped by Martin Jones with a rebound.
7:31 of 1st period - Shot by Aaron Ekblad.
7:31 of 1st period - Stopped by Martin Jones without a rebound.
7:32 of 1st period - Jordan Staal wins face-off versus Gabriel Landeskog in Oilers zone.
8:04 of 1st period - Shot by John Klingberg.
8:04 of 1st period - Shot Blocked by Marco Scandella.
8:06 of 1st period - Shot by Wayne Simmonds.
8:06 of 1st period - Shot Hit the Post.
8:14 of 1st period - Shot by Wayne Simmonds.
8:14 of 1st period - Shot Misses the Net.
8:16 of 1st period - Shot by John Klingberg.
8:16 of 1st period - Stopped by Martin Jones without a rebound.
8:17 of 1st period - Gabriel Landeskog wins face-off versus Boone Jenner in Oilers zone.
9:47 of 1st period - Shot by Yannick Weber.
9:47 of 1st period - Shot Blocked by Jeff Schultz.
9:49 of 1st period - Shot by Matt Hendricks.
9:49 of 1st period - Deflect By Paul Gaustad.
9:49 of 1st period - Shot Misses the Net.
10:09 of 1st period - Shot by Yannick Weber.
10:09 of 1st period - Shot Misses the Net.
10:11 of 1st period - Shot by Alec Martinez.
10:11 of 1st period - Shot Hit the Post.
11:22 of 1st period - Shot by Boone Jenner.
11:22 of 1st period - Shot Misses the Net.
11:50 of 1st period - Shot by Mark Scheifele.
11:50 of 1st period - Shot Misses the Net.
12:20 of 1st period - Marc-Edouard Vlasic is hit by Boone Jenner and loses puck.
13:55 of 1st period - Shot by Michael Grabner.
13:55 of 1st period - Stopped by Kari Lehtonen with a rebound.
13:57 of 1st period - Shot by Michael Grabner.
13:57 of 1st period - Stopped by Kari Lehtonen with a rebound.
13:59 of 1st period - Shot by Michael Grabner.
13:59 of 1st period - Shot Misses the Net.
14:13 of 1st period - Alec Martinez is hit by Dominic Moore and loses puck.
14:45 of 1st period - Icing by Aaron Ekblad.
14:46 of 1st period - Tyler Bozak wins face-off versus Brandon Dubinsky in Ducks zone.
15:31 of 1st period - Shot by Michael Grabner.
15:31 of 1st period - Shot Misses the Net.
16:02 of 1st period - Shot by Mark Scheifele.
16:02 of 1st period - Stopped by Martin Jones without a rebound.
16:03 of 1st period - Mark Scheifele wins face-off versus Aleksander Barkov in Oilers zone.
17:51 of 1st period - Shot by Jordan Staal.
17:51 of 1st period - Shot Blocked by Jeff Schultz.
18:35 of 1st period - Shot by Jarome Iginla.
18:35 of 1st period - Stopped by Martin Jones with a rebound.
18:41 of 1st period - Shot by Alex Tanguay.
18:41 of 1st period - Shot Misses the Net.
18:43 of 1st period - Shot by Jarome Iginla.
18:43 of 1st period - Stopped by Martin Jones without a rebound.
18:44 of 1st period - Mark Scheifele wins face-off versus Jay Beagle in Oilers zone.
Goals for this period are 0 for Ducks vs 0 for Oilers.
Shots for this period are 7 for Ducks vs 4 for Oilers.

2nd period


0:01 of 2nd period - Tyler Bozak wins face-off versus Jordan Staal in neutral zone.
0:11 of 2nd period - Icing by Aaron Ekblad.
0:12 of 2nd period - Aleksander Barkov wins face-off versus Evander Kane in Ducks zone.
0:12 of 2nd period - Minor Penalty to Jay Bouwmeester for Roughing.
0:13 of 2nd period - Paul Gaustad wins face-off versus Tyler Bozak in Ducks zone.
1:21 of 2nd period - Icing by Brian Campbell.
1:22 of 2nd period - Paul Gaustad wins face-off versus Aleksander Barkov in Oilers zone.
1:47 of 2nd period - Icing by Aleksander Barkov.
1:48 of 2nd period - Aleksander Barkov wins face-off versus Mark Scheifele in Oilers zone.
2:02 of 2nd period - Shot by Brian Campbell.
2:02 of 2nd period - Shot Blocked by Matt Hendricks.
2:43 of 2nd period - Icing by Alec Martinez.
2:44 of 2nd period - Tyler Bozak wins face-off versus Jordan Staal in Ducks zone.
2:52 of 2nd period - Alec Martinez is hit by Jeff Schultz.
3:19 of 2nd period - Tyler Bozak is hit by Aaron Ekblad and loses puck.
3:27 of 2nd period - Icing by Jay Bouwmeester.
3:28 of 2nd period - Aleksander Barkov wins face-off versus Brandon Dubinsky in Ducks zone.
4:31 of 2nd period - Shot by Boone Jenner.
4:31 of 2nd period - Stopped by Martin Jones without a rebound.
4:32 of 2nd period - Mark Scheifele wins face-off versus Tyler Bozak in Oilers zone.
4:52 of 2nd period - Shot by Wayne Simmonds.
4:52 of 2nd period - Stopped by Martin Jones with a rebound.
6:31 of 2nd period - Shot by Yannick Weber.
6:31 of 2nd period - Shot Misses the Net.
6:33 of 2nd period - Shot by Jay Bouwmeester.
6:33 of 2nd period - Stopped by Martin Jones without a rebound.
6:34 of 2nd period - Aleksander Barkov wins face-off versus Brandon Dubinsky in Oilers zone.
6:47 of 2nd period - Jarome Iginla is hit by Marco Scandella and loses puck.
7:16 of 2nd period - John Klingberg is hit by Justin Williams and loses puck.
7:32 of 2nd period - Icing by Marc-Edouard Vlasic.
7:33 of 2nd period - Mark Scheifele wins face-off versus Aleksander Barkov in Oilers zone.
7:36 of 2nd period - Shot by Boone Jenner.
7:36 of 2nd period - Stopped by Martin Jones without a rebound.
7:37 of 2nd period - Tyler Bozak wins face-off versus Boone Jenner in Oilers zone.
7:37 of 2nd period - Tyler Bozak is hit by Wayne Simmonds.
8:03 of 2nd period - Shot by Tyler Bozak.
8:03 of 2nd period - Shot Blocked by Aaron Ekblad.
8:11 of 2nd period - Shot by Tyler Bozak.
8:11 of 2nd period - Stopped by Kari Lehtonen without a rebound.
8:12 of 2nd period - Jordan Staal wins face-off versus Michael Grabner in Ducks zone.
8:12 of 2nd period - Jordan Staal is hit by Michael Grabner.
8:15 of 2nd period - Evander Kane is hit by Michael Grabner.
8:45 of 2nd period - Tomas Fleischmann is hit by Roman Polak and loses puck.
8:47 of 2nd period - Minor Penalty to Roman Polak for Hooking.
8:48 of 2nd period - Tyler Bozak wins face-off versus Paul Gaustad in Ducks zone.
8:53 of 2nd period - Shot by Tyler Bozak.
8:53 of 2nd period - Shot Blocked by Jay Bouwmeester.
10:19 of 2nd period - Icing by Brian Campbell.
10:20 of 2nd period - Justin Williams wins face-off versus Paul Gaustad in Oilers zone.
10:54 of 2nd period - Off-side.
10:55 of 2nd period - Mark Scheifele wins face-off versus Tomas Fleischmann in neutral zone.
10:55 of 2nd period - Minor Penalty to Tomas Fleischmann for Roughing.
10:56 of 2nd period - Brandon Dubinsky wins face-off versus Gabriel Landeskog in Oilers zone.
11:00 of 2nd period - Boone Jenner is hit by Marc-Edouard Vlasic and loses puck.
11:03 of 2nd period - Shot by Aaron Ekblad.
11:03 of 2nd period - Stopped by Martin Jones with a rebound.
11:05 of 2nd period - Shot by Alec Martinez.
11:05 of 2nd period - Shot Misses the Net.
11:09 of 2nd period - Shot by Boone Jenner.
11:09 of 2nd period - Stopped by Martin Jones with a rebound.
11:15 of 2nd period - Shot by Aaron Ekblad.
11:15 of 2nd period - Stopped by Martin Jones without a rebound.
11:16 of 2nd period - Gabriel Landeskog wins face-off versus Wayne Simmonds in Oilers zone.
11:16 of 2nd period - Gabriel Landeskog is hit by Jordan Staal.
11:26 of 2nd period - Shot by Tyler Bozak.
11:26 of 2nd period - Stopped by Kari Lehtonen without a rebound.
11:27 of 2nd period - Brandon Dubinsky wins face-off versus Gabriel Landeskog in Ducks zone.
11:49 of 2nd period - Icing by Brandon Dubinsky.
11:50 of 2nd period - Boone Jenner wins face-off versus Gabriel Landeskog in Ducks zone.
12:53 of 2nd period - Shot by Jordan Staal.
12:53 of 2nd period - Shot Misses the Net.
12:55 of 2nd period - Shot by Wayne Simmonds.
12:55 of 2nd period - Shot Misses the Net.
13:05 of 2nd period - Shot by Marc-Edouard Vlasic.
13:05 of 2nd period - Goal by Marc-Edouard Vlasic - Ducks : 0 - Oilers : 1.
13:06 of 2nd period - Paul Gaustad wins face-off versus Jay Beagle in neutral zone.
13:11 of 2nd period - Shot by Jay Bouwmeester.
13:11 of 2nd period - Stopped by Martin Jones without a rebound.
13:12 of 2nd period - Bo Horvat wins face-off versus Mark Scheifele in Oilers zone.
13:45 of 2nd period - Shot by Wayne Simmonds.
13:45 of 2nd period - Stopped by Martin Jones without a rebound.
13:46 of 2nd period - Brandon Dubinsky wins face-off versus Aleksander Barkov in Oilers zone.
14:15 of 2nd period - Off-side.
14:16 of 2nd period - Tyler Bozak wins face-off versus Jordan Staal in neutral zone.
14:42 of 2nd period - Minor Penalty to Marco Scandella for Hooking.
14:43 of 2nd period - Brandon Dubinsky wins face-off versus Gabriel Landeskog in Oilers zone.
14:45 of 2nd period - Minor Penalty to Brandon Dubinsky for Charging.
14:46 of 2nd period - Gabriel Landeskog wins face-off versus Boone Jenner in Ducks zone.
14:55 of 2nd period - Shot by Boone Jenner.
14:55 of 2nd period - Goal by Boone Jenner - Ducks : 1 - Oilers : 1.
14:56 of 2nd period - Gabriel Landeskog wins face-off versus Boone Jenner in neutral zone.
15:30 of 2nd period - Shot by Boone Jenner.
15:30 of 2nd period - Stopped by Martin Jones without a rebound.
15:31 of 2nd period - Jordan Staal wins face-off versus Gabriel Landeskog in Oilers zone.
16:26 of 2nd period - Matt Read is hit by Jordan Staal.
16:40 of 2nd period - Shot by Aleksander Barkov.
16:40 of 2nd period - Stopped by Kari Lehtonen with a rebound.
16:57 of 2nd period - Shot by Jarome Iginla.
16:57 of 2nd period - Shot Misses the Net.
16:59 of 2nd period - Shot by Alex Tanguay.
16:59 of 2nd period - Stopped by Martin Jones without a rebound.
17:00 of 2nd period - Aleksander Barkov wins face-off versus Paul Gaustad in Oilers zone.
17:54 of 2nd period - Icing by Jeff Schultz.
17:55 of 2nd period - Aleksander Barkov wins face-off versus Brandon Dubinsky in Oilers zone.
18:16 of 2nd period - Shot by Jarome Iginla.
18:16 of 2nd period - Stopped by Martin Jones without a rebound.
18:17 of 2nd period - Jordan Staal wins face-off versus Gabriel Landeskog in Oilers zone.
18:33 of 2nd period - Shot by Tyler Bozak.
18:33 of 2nd period - Deflect By Gabriel Landeskog.
18:33 of 2nd period - Goal by Gabriel Landeskog - Ducks : 1 - Oilers : 2.
18:34 of 2nd period - Brandon Dubinsky wins face-off versus Jay Beagle in neutral zone.
18:34 of 2nd period - John Klingberg is hit by Michael Grabner and loses puck.
18:54 of 2nd period - Icing by Jay Beagle.
18:55 of 2nd period - Jay Beagle wins face-off versus Boone Jenner in Oilers zone.
19:00 of 2nd period - Jay Bouwmeester is hit by Michael Grabner and loses puck.
19:12 of 2nd period - Icing by Jay Beagle.
19:13 of 2nd period - Jordan Staal wins face-off versus Jay Beagle in Oilers zone.
19:17 of 2nd period - Evander Kane is hit by Thomas Hickey.
19:31 of 2nd period - Shot by Matt Beleskey.
19:31 of 2nd period - Stopped by Martin Jones with a rebound.
19:33 of 2nd period - Shot by Evander Kane.
19:33 of 2nd period - Stopped by Martin Jones with a rebound.
Goals for this period are 1 for Ducks vs 2 for Oilers.
Shots for this period are 15 for Ducks vs 5 for Oilers.

3rd period


0:01 of 3rd period - Tyler Bozak wins face-off versus Mark Scheifele in neutral zone.
0:14 of 3rd period - Shot by Matt Read.
0:14 of 3rd period - Shot Misses the Net.
0:38 of 3rd period - Gabriel Landeskog is hit by Wayne Simmonds and loses puck.
0:55 of 3rd period - John Klingberg is hit by Matt Read.
1:21 of 3rd period - Shot by Willie Mitchell.
1:21 of 3rd period - Shot Misses the Net.
1:35 of 3rd period - Shot by Jarome Iginla.
1:35 of 3rd period - Shot Misses the Net.
1:46 of 3rd period - Dominic Moore is hit by Alec Martinez and loses puck.
2:13 of 3rd period - Shot by Jordan Staal.
2:13 of 3rd period - Stopped by Martin Jones with a rebound.
2:21 of 3rd period - Shot by Matt Beleskey.
2:21 of 3rd period - Stopped by Martin Jones with a rebound.
3:19 of 3rd period - Shot by Boone Jenner.
3:19 of 3rd period - Stopped by Martin Jones with a rebound.
4:17 of 3rd period - Shot by Jarome Iginla.
4:17 of 3rd period - Shot Misses the Net.
4:19 of 3rd period - Shot by Jarome Iginla.
4:19 of 3rd period - Stopped by Martin Jones without a rebound.
4:20 of 3rd period - Tyler Bozak wins face-off versus Jordan Staal in Oilers zone.
4:20 of 3rd period - Tyler Bozak is hit by Evander Kane.
4:49 of 3rd period - Marco Scandella is hit by Evander Kane and loses puck.
5:25 of 3rd period - Jarome Iginla is hit by Marc-Edouard Vlasic and loses puck.
6:10 of 3rd period - Shot by Mathew Dumba.
6:10 of 3rd period - Stopped by Kari Lehtonen without a rebound.
6:11 of 3rd period - Jay Beagle wins face-off versus Paul Gaustad in Ducks zone.
6:22 of 3rd period - Shot by Michael Grabner.
6:22 of 3rd period - Stopped by Kari Lehtonen without a rebound.
6:23 of 3rd period - Jay Beagle wins face-off versus Mark Scheifele in Ducks zone.
6:30 of 3rd period - Boone Jenner is hit by Tomas Fleischmann.
6:54 of 3rd period - Shot by Tomas Fleischmann.
6:54 of 3rd period - Stopped by Kari Lehtonen without a rebound.
6:55 of 3rd period - Bo Horvat wins face-off versus Brandon Dubinsky in Ducks zone.
7:27 of 3rd period - Icing by Mathew Dumba.
7:28 of 3rd period - Bo Horvat wins face-off versus Mark Scheifele in Oilers zone.
7:35 of 3rd period - Shot by Bo Horvat.
7:35 of 3rd period - Stopped by Kari Lehtonen without a rebound.
7:36 of 3rd period - Mark Scheifele wins face-off versus Jay Beagle in Ducks zone.
8:19 of 3rd period - Off-side.
8:20 of 3rd period - Jordan Staal wins face-off versus Tyler Bozak in neutral zone.
8:42 of 3rd period - Off-side.
8:43 of 3rd period - Aleksander Barkov wins face-off versus Alex Tanguay in neutral zone.
8:43 of 3rd period - Aleksander Barkov is hit by Brandon Dubinsky.
8:52 of 3rd period - Icing by Roman Polak.
8:53 of 3rd period - Tyler Bozak wins face-off versus Jarome Iginla in Ducks zone.
9:02 of 3rd period - Shot by Gabriel Landeskog.
9:02 of 3rd period - Goal by Gabriel Landeskog - Ducks : 1 - Oilers : 3.
9:03 of 3rd period - Tyler Bozak wins face-off versus Mark Scheifele in neutral zone.
9:33 of 3rd period - Off-side.
9:34 of 3rd period - Jordan Staal wins face-off versus Dominic Moore in neutral zone.
9:40 of 3rd period - Evander Kane is hit by Thomas Hickey and loses puck.
10:02 of 3rd period - Off-side.
10:03 of 3rd period - Mark Scheifele wins face-off versus Matt Read in neutral zone.
10:26 of 3rd period - Shot by Tyler Bozak.
10:26 of 3rd period - Shot Misses the Net.
10:28 of 3rd period - Shot by Marc-Edouard Vlasic.
10:28 of 3rd period - Shot Misses the Net.
10:40 of 3rd period - Shot by Gabriel Landeskog.
10:40 of 3rd period - Goal by Gabriel Landeskog - Ducks : 1 - Oilers : 4.
10:41 of 3rd period - Aleksander Barkov wins face-off versus Brandon Dubinsky in neutral zone.
10:54 of 3rd period - Brandon Dubinsky is hit by Thomas Hickey and loses puck.
11:57 of 3rd period - Off-side.
11:58 of 3rd period - Jay Beagle wins face-off versus Matt Beleskey in neutral zone.
11:58 of 3rd period - Michael Grabner is hit by Evander Kane and loses puck.
12:18 of 3rd period - Evander Kane is hit by Mathew Dumba and loses puck.
12:33 of 3rd period - Shot by Jordan Staal.
12:33 of 3rd period - Shot Misses the Net.
13:20 of 3rd period - Shot by Boone Jenner.
13:20 of 3rd period - Deflect By Mark Scheifele.
13:20 of 3rd period - Stopped by Martin Jones with a rebound.
13:22 of 3rd period - Shot by Boone Jenner.
13:22 of 3rd period - Shot Misses the Net.
13:34 of 3rd period - Shot by Mark Scheifele.
13:34 of 3rd period - Shot Blocked by Jeff Schultz.
13:59 of 3rd period - Shot by Yannick Weber.
13:59 of 3rd period - Shot Misses the Net.
14:22 of 3rd period - Icing by Jeff Schultz.
14:23 of 3rd period - Brandon Dubinsky wins face-off versus Jay Beagle in Oilers zone.
14:58 of 3rd period - Shot by Matt Read.
14:58 of 3rd period - Stopped by Kari Lehtonen with a rebound.
15:00 of 3rd period - Shot by Matt Read.
15:00 of 3rd period - Shot Blocked by Roman Polak.
15:08 of 3rd period - Shot by Gabriel Landeskog.
15:08 of 3rd period - Shot Blocked by Alex Tanguay.
15:36 of 3rd period - Off-side.
15:37 of 3rd period - Aleksander Barkov wins face-off versus Jordan Staal in neutral zone.
16:22 of 3rd period - Shot by Jordan Staal.
16:22 of 3rd period - Deflect By Matt Beleskey.
16:22 of 3rd period - Stopped by Martin Jones without a rebound.
16:23 of 3rd period - Mark Scheifele wins face-off versus Tyler Bozak in Oilers zone.
17:26 of 3rd period - Shot by Paul Gaustad.
17:26 of 3rd period - Shot Misses the Net.
17:28 of 3rd period - Shot by Jay Bouwmeester.
17:28 of 3rd period - Shot Blocked by Marco Scandella.
17:30 of 3rd period - Shot by Jay Bouwmeester.
17:30 of 3rd period - Shot Misses the Net.
17:32 of 3rd period - Shot by Yannick Weber.
17:32 of 3rd period - Goal by Yannick Weber - Ducks : 2 - Oilers : 4.
17:33 of 3rd period - Aleksander Barkov wins face-off versus Evander Kane in neutral zone.
17:44 of 3rd period - Shot by Justin Williams.
17:44 of 3rd period - Shot Misses the Net.
17:46 of 3rd period - Shot by Thomas Hickey.
17:46 of 3rd period - Shot Blocked by Roman Polak.
19:13 of 3rd period - Shot by Michael Grabner.
19:13 of 3rd period - Stopped by Kari Lehtonen without a rebound.
19:14 of 3rd period - Bo Horvat wins face-off versus Brandon Dubinsky in Ducks zone.
19:24 of 3rd period - Icing by John Klingberg.
19:25 of 3rd period - Brandon Dubinsky wins face-off versus Tyler Bozak in Ducks zone.
19:25 of 3rd period - Brandon Dubinsky is hit by Gabriel Landeskog.
19:28 of 3rd period - Alex Tanguay is hit by Gabriel Landeskog and loses puck.
Goals for this period are 1 for Ducks vs 2 for Oilers.
Shots for this period are 7 for Ducks vs 8 for Oilers.